 Dungeon Crawl Stone Soup version 0.21.1-1-g345015f (webtiles) character file.

16 inc the Chiller (level 2, 0/18 HPs)
             Began as an Octopode Ice Elementalist on June 13, 2018.
             Slain by a jackal (2 damage)
             ... on level 1 of the Dungeon.
             The game lasted 00:01:09 (876 turns).

inc the Chiller (Octopode Ice Elementalist)          Turns: 876, Time: 00:01:10

Health: 0/18       AC:  1    Str:  7    XL:     2   Next: 58%
Magic:  14/14      EV: 11    Int: 17    God:
Gold:   67         SH:  7    Dex: 12    Spells: 4/5 levels left

rFire    . . .     SeeInvis .   (no weapon)
rCold    . . .     Gourm    .   d - +0 shield
rNeg     . . .     Faith    .   (helmet restricted)
rPois    .         Spirit   .   (no amulet)
rElec    .         Reflect  .   f - ring of magical power
rCorr    .         Harm     .   (no ring)
MR       .....                  (no ring)
Stlth    +++.......             (no ring)
HPRegen  0.06/turn              (no ring)
MPRegen  0.14/turn              (no ring)
                                (no ring)
                                (no ring)

@: no status effects
A: almost no armour, stealthy swim, amphibious, 8 rings, constrict 8, camouflage
1, gelatinous body 1
a: no special abilities


You were on level 1 of the Dungeon.
You were not hungry.

You visited 1 branch of the dungeon, and saw 1 of its levels.

You collected 67 gold pieces.

Inventory:

Armour
 d - a +0 shield (worn)
Jewellery
 f - a ring of magical power (left tentacle)
 g - an uncursed ring of flight {unknown}
Scrolls
 c - a scroll of enchant weapon {unknown}
 e - a scroll of identify {unknown}
Books
 a - a book of Frost

   Spells                             Type                      Level
   a - Freeze                         Ice                          1
   b - Throw Frost                    Conjuration/Ice              2
   c - Ozocubu's Armour               Charms/Ice                   3
   d - Throw Icicle                   Conjuration/Ice              4
   e - Summon Ice Beast               Ice/Summoning                4
Comestibles
 b - 3 rations


   Skills:
 - Level 0.6 Fighting
 - Level 2.0 Dodging
 - Level 2.6 Stealth
 + Level 1.9 Shields
 - Level 2.0 Spellcasting
   Level 1.0 Conjurations
 - Level 3.0 Ice Magic


You had 4 spell levels left.
You knew the following spells:

 Your Spells              Type           Power        Failure   Level  Hunger
a - Freeze                Ice            ##..         30%         1    #......


Dungeon Overview and Level Annotations

Branches:
Dungeon (1/15)

Altars:


Innate Abilities, Weirdness & Mutations

You cannot wear most types of armour.
You are very stealthy in the water. (Stealth+)
You are amphibious.
You can wear up to eight rings at the same time.
You can use your tentacles to constrict eight enemies at once.
Your skin changes colour to match your surroundings (Stealth+).
Your rubbery body absorbs attacks. (AC +1, EV +1)


Message History

The jackal bites you.
* * * LOW HITPOINT WARNING * * *
The jackal bites you.
* * * LOW HITPOINT WARNING * * *
You barely miss the jackal. Your grab misses the jackal.
You squeeze the jackal.
The jackal is almost dead.
You constrict the jackal.
You constrict the jackal, but do no damage.
You block the bat's attack. The jackal barely misses you. The jackal bites you.
* * * LOW HITPOINT WARNING * * *
The jackal barely misses you.
You closely miss the jackal. You grab the jackal.
The jackal is almost dead.
You constrict the jackal, but do no damage.
You constrict the jackal.
You kill the jackal!
You constrict the jackal, but do no damage.
You block the bat's attack. The jackal bites you.
You die...

#############
#...........#
######...........#
#...........$.b..##..
#............@h......
#............h†......
##..........###.......
#.........>...+.......
#.............#.......
#.............###.....
#.............#
.......... ...
#......#......##
.....#.... #.#
#......####....# ...
......#.#


You could see 2 jackals and a bat.

Vanquished Creatures
  4 bats (D:1)
  3 goblins (D:1)
  3 hobgoblins (D:1)
  A jackal (D:1)
  2 frilled lizards (D:1)
  A kobold (D:1)
  A rat (D:1)
15 creatures vanquished.

Notes
Turn   | Place    | Note
-------+----------+-------------------------------------------
     0 | D:1      | inc the Octopode Ice Elementalist began the quest for the Orb.
     0 | D:1      | Reached XP level 1. HP: 11/11 MP: 3/3
   236 | D:1      | Reached skill level 1 in Shields
   266 | D:1      | Reached XP level 2. HP: 10/18 MP: 5/5
   876 | D:1      | Slain by a jackal

Skill      XL: |  1 |
---------------+----+-----
Shields        | 1 |  1.9
Fighting       | |  0.6
Dodging        | |  2.0
Stealth        | |  2.6
Spellcasting   | |  2.0
Conjurations   | |  1.0
Ice Magic      | |  3.0

Action                   || total
-------------------------++-------
Melee: Unarmed           ||    64
       Constrict         ||    22
       Tentacles         ||     6
 Stab: Sleeping          ||     4
Armor: Skin              ||    15
Dodge: Dodged            ||    46
Block: Shield            ||    28
